 Dungeon Crawl Stone Soup version 0.21-a0-278-ga722497 (webtiles) character file.

3260 nikopol the Thaumaturge (level 9, -5/45 HPs)
             Began as a Deep Elf Fire Elementalist on Sept 21, 2017.
             Was an Initiate of Sif Muna.
             Shot with a sling bullet by Joseph (11 damage)
             ... on level 8 of the Dungeon on Sept 22, 2017.
             The game lasted 00:29:56 (7358 turns).

nikopol the Thaumaturge (DEFE)                      Turns: 7358, Time: 00:29:57

Health: -5/45      AC: 12    Str:  5    XL:     9   Next: 68%
Magic:  7/25       EV: 18    Int: 24    God:    Sif Muna [......]
Gold:   416        SH:  0    Dex: 15    Spells: 18/29 levels left

rFire    . . .     SeeInvis +   i - +3 dagger
rCold    . . .     Gourm    +   (no shield)
rNeg     . . .     Faith    .   H - +2 robe of Yhusox {rPois rCorr SInv}
rPois    +         Spirit   .   (no helmet)
rElec    .         Reflect  .   (no cloak)
rCorr    +         Harm     .   (no gloves)
MR       .....                  (no boots)
Stlth    +++.......             F - amulet of the gourmand
HPRegen  0.15/turn              v - ring of Robustness {AC+8}
MPRegen  0.19/turn              G - +4 ring of evasion

@: very slightly contaminated
A: no striking features
a: Renounce Religion


You were on level 8 of the Dungeon.
You worshipped Sif Muna.
Sif Muna was noncommittal.
You were very full.

You visited 2 branches of the dungeon, and saw 9 of its levels.

You collected 416 gold pieces.

Inventory:

Hand Weapons
 i - a +3 dagger (weapon)
Armour
 a - a +0 robe
 H - the +2 robe of Yhusox (worn) {rPois rCorr SInv}
   (You found it on level 6 of the Dungeon)

   It protects you from poison.
   It lets you see invisible.
   It protects you from acid and corrosion.
Jewellery
 v - the ring of Robustness (left hand) {AC+8}
   (You found it on level 4 of the Dungeon)

   [ring of protection]

   It affects your AC (+8).
 F - an amulet of the gourmand (around neck)
 G - a +4 ring of evasion (right hand)
Wands
 y - a wand of polymorph (6/24)
 z - a wand of random effects (38/48)
 A - a wand of flame (30/48)
Scrolls
 d - 3 scrolls of immolation {unknown}
 e - 3 scrolls of magic mapping {unknown}
 g - 3 scrolls of identify
 h - 3 scrolls of enchant armour {unknown}
 n - a scroll of random uselessness {unknown}
 p - a scroll of noise {unknown}
 r - 3 scrolls of remove curse {unknown}
 s - 5 scrolls of teleportation {unknown}
 u - a scroll of fear {unknown}
 B - a scroll of fog {unknown}
 C - a scroll of amnesia {unknown}
 D - a scroll of enchant weapon {unknown}
 E - 2 scrolls of recharging {unknown}
 I - a scroll of torment {unknown}
Potions
 f - 2 potions of flight
 j - 5 potions of curing
 k - 2 potions of agility
 l - a potion of magic
 m - 4 potions of might
 o - 2 potions of lignification
 t - a potion of resistance {unknown}
 w - 2 potions of heal wounds
Books
 b - a book of Flames

   Spells                             Type                      Level
   a - Flame Tongue                   Conjuration/Fire             1
   b - Throw Flame                    Conjuration/Fire             2
   c - Conjure Flame                  Conjuration/Fire             3
   d - Inner Flame                    Hexes/Fire                   3
   e - Sticky Flame                   Conjuration/Fire             4
   f - Fireball                       Conjuration/Fire             5
 J - a book of Geomancy

   Spells                             Type                      Level
   a - Sandblast                      Earth                        1
   b - Passwall                       Transmutation/Earth          2
   c - Stone Arrow                    Conjuration/Earth            3
   d - Petrify                        Transmutation/Earth          4
   e - Lee's Rapid Deconstruction     Earth                        5
 L - a book of Transfigurations

   Spells                             Type                      Level
   a - Irradiate                      Conjuration/Transmutation    5
   b - Statue Form                    Transmutation/Earth          6
   c - Hydra Form                     Transmutation                6
   d - Dragon Form                    Transmutation                7
Comestibles
 c - 4 bread rations
 q - 2 meat rations
 x - 14 fruits
 K - a royal jelly


   Skills:
 + Level 0.1 Fighting
 + Level 0.6 Short Blades
 + Level 3.7 Dodging
 + Level 4.2 Stealth
 + Level 10.9 Spellcasting
 + Level 7.8 Conjurations
 + Level 8.9 Fire Magic


You had 18 spell levels left.
You knew the following spells:

 Your Spells              Type           Power        Failure   Level  Hunger
a - Flame Tongue          Conj/Fire      #####        1%          1    None
b - Throw Flame           Conj/Fire      ######       1%          2    None
c - Conjure Flame         Conj/Fire      ######..     1%          3    None
d - Fireball              Conj/Fire      ######....   4%          5    ####...


Dungeon Overview and Level Annotations

Branches:
Dungeon (8/15)             Temple (1/1) D:6
   Lair: D:8-11

Altars:
Ashenzari
Cheibriados
Dithmenos
Elyvilon
Fedhas
Gozag
Hepliaklqana
Kikubaaqudgha
Okawaru
Qazlal
Ru
Sif Muna
Uskayaw
Vehumet
Wu Jian
Xom
Yredelemnul
Zin
The Shining One

Annotations:
D:8 Joseph


Message History

Nothing appears to happen.
Joseph shoots a sling bullet.
The sling bullet hits you!!
* * * LOW HITPOINT WARNING * * *
x2
Casting: Fireball
Confirm with . or Enter, or press ? or * to list all spells.
Aiming: Fireball
Press: ? - help, Shift-Dir - straight line, f/p - Joseph
Aim: Joseph, wielding a hunting sling of velocity and wearing a leather armour (moderately wounded)
You miscast Fireball.
Wisps of smoke drift from your hands.
Joseph shoots a sling bullet.
The sling bullet closely misses you.
Casting: Fireball
Confirm with . or Enter, or press ? or * to list all spells.
Aiming: Fireball
Press: ? - help, Shift-Dir - straight line, f/p - Joseph
Aim: Joseph, wielding a hunting sling of velocity and wearing a leather armour (moderately wounded)
The fireball explodes!
The fireball engulfs Joseph.
Joseph is heavily wounded.
Joseph shoots a sling bullet.
The sling bullet misses you.
Joseph shoots a sling bullet.
The sling bullet hits you!
You die...

..........(#
...........########
....##.....@......#
....##..(.........#
..................#
..................#
..................#
..................#
................@(#
...).......#####+##
######.....#
#.....# #######


You could see Joseph.

Vanquished Creatures
  Erica (D:8)
  Grinder (D:5)
  A hippogriff (D:6)
  3 yaks (D:5)
  2 hungry ghosts
  Menkaure (D:4)
  A sky beast (D:5)
  4 ogres
  A black bear (D:2)
  2 bullfrogs (D:6)
  A scorpion (D:4)
  A howler monkey (D:6)
  A quasit (D:8)
  3 hounds
  2 jellies
  A bullfrog zombie (D:6)
  A centaur skeleton (D:6)
  2 orc wizards (D:4)
  An iguana (D:6)
  Natasha (thrice) (D:4)
  2 worker ants
  7 gnolls
  7 adders
  5 oozes
  An adder zombie (D:2)
  4 worms
  3 dart slugs
  4 leopard geckos
  6 orcs
  A ball python (D:1)
  A bat skeleton (D:2)
  8 giant cockroaches
  7 goblins
  7 hobgoblins
  12 jackals
  3 quokkas
  13 bats
  4 frilled lizards
  A jackal skeleton (D:4)
  7 kobolds
  2 leopard gecko skeletons
  A quokka zombie (D:5)
  11 rats
150 creatures vanquished.

Notes
Turn   | Place    | Note
-------+----------+-------------------------------------------
     0 | D:1      | nikopol the Deep Elf Fire Elementalist began the quest for the Orb.
     0 | D:1      | Reached XP level 1. HP: 10/10 MP: 6/6
     0 | D:1      | Noticed a jelly
     1 | D:1      | Found a runed door.
   252 | D:1      | Reached XP level 2. HP: 15/15 MP: 5/8
   719 | D:1      | Learned a level 2 spell: Throw Flame
   738 | D:2      | Reached XP level 3. HP: 19/19 MP: 5/9
   916 | D:2      | Found a glowing golden altar of the Shining One.
  1188 | D:2      | Noticed a black bear
  1190 | D:2      | Found a transporter.
  1190 | D:2      | Found a transporter.
  1192 | D:2      | Noticed a hungry ghost
  1195 | D:2      | Found a blossoming altar of Fedhas.
  1305 | D:2      | Reached XP level 4. HP: 20/24 MP: 2/11
  1644 | D:3      | Reached skill level 4 in Spellcasting
  2281 | D:2      | Learned a level 3 spell: Conjure Flame
  2290 | D:3      | Reached XP level 5. HP: 28/28 MP: 10/13
  2303 | D:3      | Found a hazy altar of Hepliaklqana.
  2877 | D:2      | Killed a black bear
  2877 | D:2      | Reached skill level 5 in Spellcasting
  2877 | D:2      | Reached skill level 5 in Fire Magic
  2935 | D:2      | Learned a level 5 spell: Fireball
  3039 | D:1      | Reached XP level 6. HP: 32/32 MP: 10/15
  3420 | D:2      | Killed a hungry ghost
  3420 | D:2      | Reached skill level 6 in Spellcasting
  3648 | D:4      | Found the ring of Robustness {AC+8}
  3665 | D:4      | Noticed Menkaure
  3670 | D:4      | Killed Menkaure
  3670 | D:4      | Reached XP level 7. HP: 36/36 MP: 7/18
  3894 | D:4      | Reached skill level 5 in Conjurations
  3920 | D:4      | Reached skill level 7 in Spellcasting
  4114 | D:4      | Reached XP level 8. HP: 33/41 MP: 9/21
  4183 | D:4      | Found an ornate altar of the Wu Jian Council.
  4255 | D:4      | Noticed Natasha
  4257 | D:4      | Killed Natasha
  4302 | D:4      | Noticed Natasha
  4304 | D:4      | Killed Natasha
  4355 | D:4      | Noticed Natasha
  4360 | D:4      | Killed Natasha
  4441 | D:4      | Found a stormy altar of Qazlal.
  4498 | D:5      | Entered Level 5 of the Dungeon
  4587 | D:5      | Reached skill level 8 in Spellcasting
  5085 | D:5      | Noticed Grinder
  5104 | D:5      | Killed Grinder
  5104 | D:5      | Reached skill level 9 in Spellcasting
  5539 | D:6      | Got a brightly glowing robe
  5569 | D:6      | Identified the +2 robe of Yhusox {rPois rCorr SInv} (You found it on level 6 of the Dungeon)
  5624 | D:6      | Reached XP level 9. HP: 45/45 MP: 17/24
  5655 | D:6      | Noticed a hand axe
  5656 | D:6      | Noticed a dagger
  5658 | D:6      | Found a hide-covered altar of Uskayaw.
  6153 | D:6      | Found a staircase to the Ecumenical Temple.
  6240 | Temple   | Entered the Ecumenical Temple
  6308 | Temple   | Became a worshipper of Sif Muna the Loreminder
  6867 | D:7      | Reached skill level 10 in Spellcasting
  7200 | D:8      | Noticed Erica
  7237 | D:8      | Killed Erica
  7346 | D:8      | Noticed Joseph
  7358 | D:8      | Shot with a sling bullet by Joseph

Vault maps used:
D:1:      dpeg_arrival_caged_fury
D:2:      gammafunk_temple_overflow_arena, tso_metal_star
D:3:      nicolae_overflow_crystal_walls, wad_floor_pattern_untrapped
D:4:      kennysheep_mini_moat, lemuel_round_altar, dk_vineyard_1, uniq_natasha,
          uniq_menkaure
D:5:      first_bread, uniq_grinder
D:6:      dancing_weapons_uskayaw, temple_hall
D:7:      nicolae_overflow_hidden_temple
D:8:      serial_shops, shop_scrolls, serial_bayou_pond_d, uniq_erica,
          uniq_joseph, uniq_maurice
Temple:   eino_temple_water

Skill      XL: |  1  2  3  4  5  6  7  8  9 |
---------------+----------------------------+-----
Fire Magic     | 4 5 6 8 |  8.9
Conjurations   | 2 3 4 5 6 7 |  7.8
Spellcasting   | 4 5 6 7 9 10 | 10.9
Stealth        | 3 4 |  4.2
Dodging        | 3 |  3.7
Fighting       | |  0.1
Short Blades   | |  0.6

Action                   |  1- 3 |  4- 6 |  7- 9 || total
-------------------------+-------+-------+-------++-------
Melee: Dagger            |       |     3 |     9 ||    12
 Cast: Flame Tongue      |    76 |   106 |   111 ||   293
       Conjure Flame     |       |     2 |     4 ||     6
       Throw Flame       |       |     7 |    49 ||    56
       Fireball          |       |       |     8 ||     8
  Use: Scroll            |       |       |     7 ||     7
  Eat: Chunk             |     1 |     9 |    19 ||    29
       Fruit             |       |     1 |       ||     1
Armor: Robe              |     1 |    10 |     4 ||    15
Dodge: Dodged            |    22 |    41 |    24 ||    87

Table legend:
 A = Spawn XP
 B = Non-spawn XP
 C = Spawn XP percentage of total XP
 D = Spawn monster count
 E = Non-spawn monster count
 F = Spawn count percentage of total count
 G = Total turns spent on level
                    A         B        C        D         E        F      G
               +---------+---------+-------+---------+---------+-------+---------
         Total |       0 |    4658 |   0.0 |       0 |     150 |   0.0 |  7358
               +---------+---------+-------+---------+---------+-------+---------
           D:1 |       0 |     127 |   0.0 |       0 |      36 |   0.0 |  1020
           D:2 |       0 |     412 |   0.0 |       0 |      29 |   0.0 |  1872
           D:3 |       0 |     144 |   0.0 |       0 |      29 |   0.0 |   749
           D:4 |       0 |     889 |   0.0 |       0 |      21 |   0.0 |   857
           D:5 |       0 |    1022 |   0.0 |       0 |      13 |   0.0 |   998
           D:6 |       0 |     820 |   0.0 |       0 |      14 |   0.0 |   962
           D:7 |       0 |     279 |   0.0 |       0 |       5 |   0.0 |   539
           D:8 |       0 |     965 |   0.0 |       0 |       3 |   0.0 |   278
               +---------+---------+-------+---------+---------+-------+---------
